 Dungeon Crawl Stone Soup version 0.30.0 (webtiles) character file.

Game seed: 17911794158663278275

3103 Rrauwl the Carver (level 9, 0/70 (71) HPs)
             Began as a Minotaur Gladiator on May 6, 2023.
             Was a Follower of Hepliaklqana.
             Engulfed by a cloud of poison gas (6 damage)
             ... on level 8 of the Dungeon.
             The game lasted 00:21:27 (8190 turns).

Rrauwl the Carver (Minotaur Gladiator)              Turns: 8190, Time: 00:21:28

HP:   0/70 (71)     AC: 19    Str: 21    XL:     9   Next: 59%
MP:   0/9           EV:  7    Int:  5    God:    Hepliaklqana [*.....]
Gold: 547           SH:  5    Dex: 14    Spells: 8/8 levels left

rFire   . . .        a - +1 long sword
rCold   . . .        i - +0 buckler
rNeg    . . .        o - +3 plate armour
rPois   .            c - +2 hat
rElec   .            k - +0 cloak
rCorr   +            (no gloves)
SInv    .            (no boots)
Will    .....        f - amulet of guardian spirit Stlth
                     q - ring of resist corrosion
HPRegen 0.31/turn    (no ring)
MPRegen 0.11/turn

%: guardian spirit
@: lethally poisoned (0 -> -34), lightly drained
A: reduced essence, horns 2, retaliatory headbutt, sense surroundings 1, noise
suppression
a: Renounce Religion, Recall Ancestor, Ancestor Identity


You were on level 8 of the Dungeon.
You worshipped Hepliaklqana.
Hepliaklqana was aware of your devotion.
You visited 2 branches of the dungeon, and saw 9 of its levels.

You collected 547 gold pieces.

Inventory:

Hand Weapons
 a - a +1 long sword (weapon)
 b - a +2 short sword of venom
Missiles
 d - 2 throwing nets
 e - a javelin
 g - 3 poisoned darts (quivered)
Armour
 c - a +2 hat (worn)
 i - a +0 buckler (worn)
 k - a +0 cloak (worn)
 o - a +3 plate armour (worn)
Jewellery
 f - an amulet of guardian spirit (around neck)
 l - a ring of wizardry
 q - a ring of resist corrosion (left hand)
 s - a ring of fire
Wands
 p - a wand of flame (18)
 t - a wand of paralysis (10)
Scrolls
 h - 3 scrolls of teleportation
 j - 3 scrolls of immolation
 n - a scroll of vulnerability
 r - 3 scrolls of enchant armour
 v - a scroll of amnesia
 x - 4 scrolls of identify
Potions
 m - a potion of mutation


   Skills:
 + Level 7.0 Fighting
 + Level 10.3 Long Blades
 - Level 4.0 Throwing
 + Level 6.9 Armour
 - Level 4.0 Dodging
 - Level 6.0 Shields
 + Level 2.5 Invocations


You had 8 spell levels left.
You didn't know any spells.
Your spell library contained the following spells:

 Spells                   Type           Power      Damage    Failure   Level
 Fireball                 Conj/Fire      0%         3d3       100%        5
 Iskenderun's Battlesphe  Conj           0%         2d6       100%        5
 Conjure Ball Lightning   Conj/Air       0%         3x3d6     100%        6
 Orb of Destruction       Conj           0%         9d5       100%        7


Dungeon Overview and Level Annotations

Branches:
Dungeon (8/15)             Temple (1/1) D:6
   Lair: D:8-11

Altars:
Ashenzari
Cheibriados
Dithmenos
Elyvilon
Fedhas
Gozag
Hepliaklqana
Kikubaaqudgha
Makhleb
Nemelex Xobeh
Okawaru
Qazlal
Ru
Sif Muna
Trog
Uskayaw
Vehumet
Wu Jian
Xom
Yredelemnul
Zin
The Shining One


Innate Abilities, Weirdness & Mutations

Your life essence is reduced to manifest your ancestor. (-10% HP)
You have a pair of horns on your head.
You reflexively headbutt those who attack you in melee.
You passively map a small area around you.
You passively dampen the noise of your surroundings.


Message History

The killer bee stings you.
You are more poisoned.
The killer bee poisons you!
The killer bee attacks as you move away!
The killer bee stings you but does no damage.
You feel very sick. The killer bee stings you. x2
The killer bee stings you but does no damage.
You slash the killer bee! Your headbutt misses the killer bee.
The killer bee is almost dead.
You feel sick. The killer bee stings you.
You are more poisoned.
The killer bee poisons you! The killer bee stings you.
Unknown command.
Unknown command.
Okay, then.
You hit the killer bee.
You kill the killer bee!
You feel very sick. The killer bee closely misses you.
The killer bee barely misses you.
Your Fighting skill increases to level 7!
Really read the scroll of poison?
The air fills with toxic fumes!
As you read the scroll of poison, it crumbles to dust.
You feel sick. The killer bee stings you.
* * * LOW HITPOINT WARNING * * *
The killer bee stings you but does no damage.
The killer bee stings you.
The killer bee stings you but does no damage.
Really walk into that cloud of poison gas?
You are engulfed in poison gas.
You are lethally poisoned!
* * * LOW HITPOINT WARNING * * *
x2 You feel very sick.
The killer bee stings you but does no damage.
You block the killer bee's attack.
The killer bee attacks as you move away!
The killer bee barely misses you.
You are engulfed in poison gas.
You are more poisoned.
You die...

#. , *........., ###§§
#.§§..... #§§§§* ##§§§...
, , * .§§§## #§§§§#, *
... , #§§§# ##§§§###...,
.... ** #§§###§§§.......,
........##
#§§§#.§###......
.........## #§§yy##
*....≈≈ ..........##
#@§y## * ..≈§≈
...........## ##§§# *
.≈≈≈§ ~ ............##
##§## , ,≈≈≈≈
...........<.###§§#####.
≈≈≈≈ ,
...............#§§......≈
~
...............§§§......≈
~
............##.§#####..≈§
, ............###§# ,.§§
~ , ............# #.# §≈


You could see 3 killer bees.

Vanquished Creatures
  Prince Ribbit (D:7)
  A wyvern (D:8)
  A vampire mosquito (D:7)
  Duvessa (D:7)
  A sky beast (D:7)
  An ice beast (D:6)
  An orc warrior (D:7)
  A black bear (D:7)
  3 ogres
  4 centaurs
  A phantom (D:6)
  2 bullfrogs
  A scorpion (D:4)
  5 wights (D:7)
  Dowan (D:7)
  3 killer bees (D:8)
  3 howler monkeys
  5 orc priests
  A gnoll bouda (D:6)
  4 jellies
  5 iguanas
  2 orc wizards (D:5)
  Robin (D:2)
  4 gnolls
  6 adders
  A shadow imp (D:7)
  2 white imps
  2 ufetubi (D:6)
  3 worms
  6 dart slugs
  27 orcs
  2 bats
  3 endoplasms
  A giant cockroach (D:2)
  15 goblins
  7 hobgoblins
  8 jackals
  5 quokkas
  4 ball pythons
  A frilled lizard (D:3)
  7 kobolds
  3 rats
156 creatures vanquished.

Vanquished Creatures (others)
  An ancestor (D:8)
  A demonic plant (D:2)
  4 toadstools (D:7)
6 creatures vanquished.

Grand Total: 162 creatures vanquished

Notes
Turn   | Place    | Note
-------+----------+-------------------------------------------
     0 | D:1      | Rrauwl the Minotaur Gladiator began the quest for the Orb.
     0 | D:1      | Reached XP level 1. HP: 18/18 MP: 0/0
   158 | D:1      | Reached XP level 2. HP: 25/25 MP: 1/1
   288 | D:1      | Reached skill level 1 in Armour
   394 | D:1      | Found a faded altar of an unknown god.
   909 | D:2      | Reached skill level 4 in Long Blades
   958 | D:2      | Reached XP level 3. HP: 31/31 MP: 2/2
  1125 | D:2      | Noticed Robin
  1216 | D:2      | Killed Robin
  1217 | D:2      | Reached XP level 4. HP: 38/38 MP: 3/3
  1314 | D:2      | Found a glowing silver altar of Zin.
  1496 | D:3      | Noticed an ogre
  1506 | D:3      | Killed an ogre
  1507 | D:3      | Reached skill level 5 in Long Blades
  1507 | D:3      | Reached XP level 5. HP: 46/46 MP: 4/4
  2660 | D:4      | Gained mutation: You passively map a small area around you.
                  | [potion of mutation]
  2660 | D:4      | Gained mutation: You passively dampen the noise of your
                  | surroundings. [potion of mutation]
  2670 | D:4      | Reached XP level 6. HP: 27/52 MP: 2/5
  3270 | D:4      | Reached skill level 6 in Long Blades
  3574 | D:4      | Found a white marble altar of Elyvilon.
  3795 | D:5      | Entered Level 5 of the Dungeon
  4188 | D:5      | Reached skill level 5 in Armour
  4268 | D:5      | Reached XP level 7. HP: 59/59 MP: 2/6
  4812 | D:5      | Reached skill level 7 in Long Blades
  5173 | D:6      | Reached skill level 8 in Long Blades
  5173 | D:6      | Reached skill level 1 in Shields
  5291 | D:6      | Reached XP level 8. HP: 60/67 MP: 5/7
  5413 | D:6      | Found a staircase to the Ecumenical Temple.
  5422 | Temple   | Entered the Ecumenical Temple
  5821 | Temple   | Became a worshipper of Hepliaklqana the Forgotten
  5913 | D:6      | Found a glowing silver altar of Zin.
  5913 | D:6      | Found a shadowy altar of Dithmenos.
  6069 | D:6      | Reached skill level 5 in Fighting
  6238 | D:7      | Noticed Prince Ribbit
  6276 | D:7      | Killed Prince Ribbit
  6277 | D:7      | Reached skill level 9 in Long Blades
  6512 | D:7      | Reached skill level 5 in Shields
  6755 | D:7      | Reached XP level 9. HP: 75/75 MP: 8/8
  6847 | D:7      | Noticed Duvessa
  6848 | D:7      | Noticed Dowan
  7166 | D:7      | Killed Duvessa
  7171 | D:7      | Killed Dowan
  7403 | D:7      | Reached skill level 1 in Invocations
  7414 | D:7      | Reached skill level 10 in Long Blades
  8116 | D:8      | Reached * piety under Hepliaklqana
  8190 | D:8      | Engulfed by a cloud of poison gas

Illustrated notes

Levels and vault maps discovered:
D:1:      lightli_arrival_farm, layout_basic, hellmonk_ecumenical_altar_blasted
D:2:      wander_river, layout_rooms, basic_altar, dreamdust_princess_corridor,
          kennysheep_generic_room_15, uniq_robin
D:3:      layout_basic, nrook_mini_vaults
D:4:      nicolae_cairo_tiling, layout_gridville, nicolae_elyvilon_temple_path
D:5:      layout_loops_corners, roderic_roman_lattice
D:6:      layout_basic, gammafunk_temple_overflow_elements,
          minmay_temple_entry_grid
D:7:      kennysheep_big_flooded_room, layout_basic, minmay_gold_behind_fungi,
          roderic_lattice_a, uniq_duvessa, uniq_prince_ribbit1
D:8:      lemuel_ratsnest, layout_layer_cave, minmay_lindwurm_lava
Temple:   compressed_dpeg_triangle_lava_temple

Skill      XL: |  1  2  3  4  5  6  7  8  9 |
---------------+----------------------------+-----
Armour         | 1 2 4 5 6 |  6.9
Long Blades    | 4 5 6 8 9 10 | 10.3
Fighting       | 3 4 6 7 |  7.0
Dodging        | 4 |  4.0
Shields        | 1 5 6 |  6.0
Throwing       | 3 4 |  4.0
Invocations    | 2 |  2.5

Action                     |  1- 3 |  4- 6 |  7- 9 || total
---------------------------+-------+-------+-------++-------
  Melee: Long sword        |    50 |   149 |   279 ||   478
         Headbutt          |     6 |    20 |    51 ||    77
         Punch             |     1 |       |       ||     1
  Throw: Throwing net      |       |     1 |     5 ||     6
         Dart              |       |     1 |    12 ||    13
         Javelin           |       |       |     2 ||     2
 Invoke: Ancestor Identity |       |       |     1 ||     1
  Evoke: Wand              |       |     1 |     2 ||     3
    Use: Potion            |     3 |     9 |     4 ||    16
         Scroll            |       |    11 |     3 ||    14
 Armour: Leather armour    |     4 |       |       ||     4
         Ring mail         |     3 |    13 |       ||    16
         Chain mail        |       |    52 |    76 ||   128
         Skin              |       |    23 |     7 ||    30
         Plate armour      |       |       |    97 ||    97
  Dodge: Dodged            |    19 |    57 |   103 ||   179
  Block: Buckler           |       |       |    47 ||    47
